 Dungeon Crawl Stone Soup version 0.28-a0-819-g6ef7baa362 (webtiles) character file.

Game seed: 16203616262172478710

2520 iamoutofideas the Thaumaturge (level 9, -4/59 HPs)
             Began as a Demonspawn Fire Elementalist on Nov 9, 2021.
             Was an Initiate of Vehumet.
             Slain by a hornet (7 damage)
             ... while paralysed by a hornet
             ... on level 7 of the Dungeon.
             The game lasted 00:11:23 (9401 turns).

iamoutofideas the Thaumaturge (DsFE)                Turns: 9401, Time: 00:11:23

Health: -4/59      AC:  8    Str:  9    XL:     9   Next: 29%
Magic:  16/21      EV:  2    Int: 19    God:    Vehumet [......]
Gold:   220        SH:  0    Dex: 14    Spells: 15/25 levels left

rFire   . . .      SeeInvis .   b - +4 dagger (elec)
rCold   . . .      Faith    .   (no shield)
rNeg    . . .      Spirit   .   p - +0 leather armour
rPois   .          Reflect  .   j - +0 helmet
rElec   .          Harm     .   f - +0 cloak
rCorr   .          Rampage  .   (no gloves)
Will    .....                   (no boots)
Stlth   ++........              (no amulet)
HPRegen 0.19/turn               (no ring)
MPRegen 0.17/turn               (no ring)

@: paralysed, lethally poisoned (-4 -> -12)
A: thin metallic scales 2, powered by death 2, demonic touch 2
a: Renounce Religion


You were on level 7 of the Dungeon.
You worshipped Vehumet.
Vehumet was noncommittal.
You visited 2 branches of the dungeon, and saw 8 of its levels.

You collected 220 gold pieces.

Inventory:

Hand Weapons
 b - a +4 dagger of electrocution (weapon)
 d - a +0 short sword
 i - a +3 dagger of venom
Missiles
 o - 13 poisoned darts
 t - 2 throwing nets
 C - 4 curare-tipped darts
Armour
 a - a +0 robe
 f - a +0 cloak (worn)
 j - a +0 helmet (worn)
 p - a +0 leather armour (worn)
 x - a +0 buckler
Jewellery
 w - an amulet of the acrobat
Wands
 g - a wand of digging (5)
 u - a wand of polymorph (8)
 y - a wand of iceblast (1)
 B - a wand of acid (9)
Scrolls
 c - 2 scrolls of enchant weapon {unknown}
 e - a scroll of enchant armour {unknown}
 h - a scroll of vulnerability {unknown}
 m - 3 scrolls of identify
 r - a scroll of amnesia {unknown}
 z - a scroll of acquirement {unknown}
 A - a scroll of silence {unknown}
Potions
 l - a potion of cancellation
 n - 2 potions of might
 q - a potion of brilliance {unknown}
 s - 2 potions of ambrosia {unknown}
 v - a potion of heal wounds {unknown}


   Skills:
 + Level 1.1 Fighting
 + Level 0.9 Short Blades
 + Level 1.5 Armour
 + Level 2.9 Dodging
 - Level 1.7 Stealth
 * Level 8.5 Spellcasting
 + Level 5.0 Conjurations
 + Level 6.1 Fire Magic


You had 15 spell levels left.
You knew the following spells:

 Your Spells              Type           Power      Damage    Failure   Level
a - Foxfire               Conj/Fire      100%       2x1d9     1%          1
b - Scorch                Fire           62%        2d8       1%          2
c - Conjure Flame         Conj/Fire      29%        6-21      3%          3
d - Flame Wave            Conj/Fire      29%        3d7       12%         4

Your spell library contained the following spells:

 Spells                   Type           Power      Damage    Failure   Level
 Shock                    Conj/Air       68%        1d7       4%          1
 Inner Flame              Hex/Fire       19%        N/A       10%         3
 Dazzling Flash           Conj/Hex       34%        N/A       13%         3
 Ozocubu's Armour         Ice            8%         N/A       34%         3
 Swiftness                Air            8%         N/A       34%         3
 Airstrike                Air            4%         N/A       75%         4
 Agony                    Necr           8%         N/A       97%         5
 Metabolic Englaciation   Hex/Ice        4%         N/A       97%         5
 Silence                  Hex/Air        4%         N/A       97%         5
 Simulacrum               Ice/Necr       4%         N/A       100%        6


Dungeon Overview and Level Annotations

Branches:
Dungeon (7/15)             Temple (1/1) D:6

Altars:
Ashenzari
Cheibriados
Dithmenos
Elyvilon
Fedhas
Gozag
Hepliaklqana
Kikubaaqudgha
Makhleb
Nemelex Xobeh
Okawaru
Qazlal
Ru
Trog
Uskayaw
Vehumet
Wu Jian
Xom
Yredelemnul
Zin

Annotations:
D:1 exclusion: downstairs
D:3 exclusion: 2 downstairs


Innate Abilities, Weirdness & Mutations

You are mostly covered in thin metallic scales. (AC +3)
You regenerate health from kills.
Your touch may inflict irresistible damage on your foes.


Message History

You shrug off the repeated paralysis!
You feel very sick. The hornet stings you!
You feel yourself slow down.
You can move again.
Casting: Scorch (safe; 1% risk of failure)
Confirm with . or Enter, or press ? or * to list all spells.
You conjure some foxfire!
You feel yourself speed up.
You feel very sick.
The hornet is no longer more vulnerable to fire.
The hornet stings you.
You feel yourself slow down. The hornet stings you.
You are more poisoned.
You feel as though you will be slow longer.
The hornet misses you.
Really quaff the potion of lignification?
You turn into a tree.
Your +0 cloak melds into your body.
Your +0 helmet melds into your body.
Your +0 leather armour melds into your body.
Your roots penetrate the ground.
You feel extremely sick.
The foxfire hits the hornet!
The hornet is heavily wounded.
The hornet stings you but does no damage. x2
It was a potion of cancellation.
Your magical effects are unravelling.
You feel magically purged.
You feel less wooden.
Your +0 cloak unmelds from your body.
Your +0 helmet unmelds from your body.
Your +0 leather armour unmelds from your body.
You feel yourself speed up.
You feel very sick. The hornet stings you.
* * * LOW HITPOINT WARNING * * *
You suddenly lose the ability to move!
The hornet stings you but does no damage.
* * * LOW HITPOINT WARNING * * *
You feel sick. The hornet stings you.
* * * LOW HITPOINT WARNING * * *
You shrug off the repeated paralysis!
The hornet stings you!
You die...

.......##.###.#
.......#..# .#
.......#<##
.......#.#
...####..# ##.
#.## # #.#####
#....v# #####@#
#y.......
#.###..#. ... #
... #.... #....
......


You could see a hornet (ally target).

Vanquished Creatures
  Pikel (D:4)
  Grinder (D:4)
  Sigmund (D:3)
  A water moccasin (D:6)
  Duvessa (D:4)
  An orc warrior (D:6)
  A hornet zombie (D:5)
  A black bear (D:5)
  A necrophage (D:4)
  2 ogres (D:5)
  A lemure (D:3)
  2 phantoms
  A bullfrog (D:6)
  A scorpion (D:3)
  Dowan (D:4)
  2 centaur zombies (D:6)
  A bullfrog skeleton (D:6)
  A gnoll shaman (D:6)
  A jelly (D:6)
  5 hounds
  Ijyb (D:4)
  2 orc wizards (D:6)
  Robin (D:2)
  7 gnolls
  6 adders
  A shadow imp (D:6)
  An ufetubus (D:5)
  2 worms
  2 dart slugs (D:1)
  12 orcs
  12 ball pythons
  6 bats
  9 endoplasms
  5 giant cockroaches
  10 goblins
  9 hobgoblins
  4 jackals
  6 kobolds
  5 quokkas
  2 frilled lizards
  6 rats
  A spectral hobgoblin (D:6)
137 creatures vanquished.

Vanquished Creatures (collateral kills)
  A foxfire (D:2)
1 creature vanquished.

Vanquished Creatures (others)
  705 foxfires
705 creatures vanquished.

Grand Total: 843 creatures vanquished

Notes
Turn   | Place    | Note
-------+----------+-------------------------------------------
     0 | D:1      | iamoutofideas the Demonspawn Fire Elementalist began the
                  | quest for the Orb.
     0 | D:1      | Reached XP level 1. HP: 13/13 MP: 3/3
   330 | D:1      | Gained mutation: Your touch may inflict minor irresistible
                  | damage on your foes. [demonic ancestry]
   330 | D:1      | Reached XP level 2. HP: 19/19 MP: 0/5
   700 | D:1      | Learned a level 2 spell: Scorch
  1169 | D:1      | Found a faded altar of an unknown god.
  1468 | D:1      | Gained mutation: You are partially covered in thin metallic
                  | scales. (AC +2) [demonic ancestry]
  1468 | D:1      | Reached XP level 3. HP: 24/24 MP: 3/6
  1917 | D:2      | Noticed Robin
  2247 | D:2      | Learned a level 3 spell: Conjure Flame
  2406 | D:2      | Killed Robin
  2425 | D:2      | Reached XP level 4. HP: 23/30 MP: 0/8
  2561 | D:2      | Reached skill level 3 in Spellcasting
  2991 | D:2      | You fall into a shaft and drop 2 floors!
  3000 | D:4      | Noticed a necrophage
  3737 | D:3      | Found a sacrificial altar of Ru.
  3865 | D:3      | Found a blossoming altar of Fedhas.
  4115 | D:4      | Noticed Pikel
  4115 | D:4      | Noticed a lemure
  4115 | D:4      | Noticed a lemure
  4115 | D:4      | Noticed a lemure
  4116 | D:4      | Noticed a lemure
  4122 | D:3      | Killed a lemure
  4360 | D:4      | Killed a necrophage
  4361 | D:4      | Gained mutation: You are mostly covered in thin metallic
                  | scales. (AC +3) [demonic ancestry]
  4361 | D:4      | Reached XP level 5. HP: 35/35 MP: 4/10
  4528 | D:4      | Reached skill level 4 in Spellcasting
  4821 | D:4      | Learned a level 4 spell: Flame Wave
  5033 | D:4      | Noticed Dowan
  5034 | D:4      | Noticed Duvessa
  5040 | D:4      | Noticed a phantom
  5248 | D:4      | Noticed Sigmund
  5248 | D:4      | Noticed Grinder
  5283 | D:3      | Killed Sigmund
  5284 | D:3      | Gained mutation: You regenerate a little health from kills.
                  | [demonic ancestry]
  5284 | D:3      | Reached XP level 6. HP: 33/41 MP: 4/13
  5408 | D:3      | Reached skill level 5 in Spellcasting
  5515 | D:4      | Paralysed by Grinder for 2 turns
  5519 | D:4      | Killed Grinder
  5520 | D:4      | Gained mutation: You regenerate health from kills. [demonic
                  | ancestry]
  5520 | D:4      | Reached XP level 7. HP: 36/46 MP: 6/15
  5606 | D:4      | Killed Pikel
  5607 | D:4      | Reached skill level 6 in Spellcasting
  5607 | D:4      | Reached skill level 5 in Fire Magic
  5607 | D:4      | Reached XP level 8. HP: 13/53 MP: 1/17
  5907 | D:4      | Killed Duvessa
  5908 | D:4      | Reached skill level 1 in Armour
  6006 | D:4      | Reached skill level 1 in Fighting
  6008 | D:4      | Killed Dowan
  6009 | D:4      | Reached skill level 7 in Spellcasting
  6032 | D:4      | Noticed Ijyb
  6041 | D:4      | Killed Ijyb
  6471 | D:5      | Entered Level 5 of the Dungeon
  7441 | D:5      | Found a sparkling altar of Nemelex Xobeh.
  7618 | D:6      | Gained mutation: Your touch may inflict irresistible damage
                  | on your foes. [demonic ancestry]
  7618 | D:6      | Reached XP level 9. HP: 59/59 MP: 4/20
  7763 | D:6      | Found a hazy altar of Hepliaklqana.
  8036 | D:6      | Reached skill level 8 in Spellcasting
  8367 | D:6      | Reached skill level 5 in Conjurations
  8715 | D:6      | Found a staircase to the Ecumenical Temple.
  8726 | Temple   | Entered the Ecumenical Temple
  8899 | Temple   | Became a worshipper of Vehumet
  9396 | D:7      | Paralysed by a hornet for 2 turns
  9400 | D:7      | Paralysed by a hornet for 2 turns
  9401 | D:7      | Slain by a hornet

Illustrated notes

Levels and vault maps discovered:
D:1:      psy_arrival_radial01, layout_basic, ebering_ecumenical_altar_hall
D:2:      layout_basic, grunt_ministairs_12, uniq_crazy_yiuf_cottage, uniq_robin
D:3:      layout_basic, lemuel_doored_altar, nicolae_ru_awakened_eye
D:4:      layout_rooms, uniq_duvessa, uniq_sigmund, uniq_ijyb, uniq_grinder,
          uniq_pikel
D:5:      layout_basic, nemelex_dance_club_becter, kennysheep_generic_room_9
D:6:      layout_basic, nicolae_hepliaklqana_monster_ancestors,
          minmay_temple_entry_mini_moons, minmay_fractal_squares_gapless_5
D:7:      layout_rooms, lemuel_blue_sif_altar, chequers_serial_rivers_micro_e,
          minmay_misc_feat_secret_circle, uniq_prince_ribbit1
Temple:   regret_index_temple_sphere_string

Skill      XL: |  1  2  3  4  5  6  7  8  9 |
---------------+----------------------------+-----
Fire Magic     | 3 4 5 6 |  6.1
Spellcasting   | 3 4 5 6 7 8 |  8.5
Conjurations   | 2 3 4 5 |  5.0
Dodging        | 2 |  2.9
Armour         | 1 |  1.5
Fighting       | 1 |  1.1
Short Blades   | |  0.9
Stealth        | |  1.7

Action                   |  1- 3 |  4- 6 |  7- 9 || total
-------------------------+-------+-------+-------++-------
Melee: Unarmed           |     1 |       |       ||     1
       Short sword       |    13 |       |       ||    13
       Touch             |     1 |     1 |       ||     2
       Dagger            |       |     1 |     9 ||    10
 Cast: Foxfire           |   106 |   130 |   225 ||   461
       Scorch            |     1 |    13 |    22 ||    36
  Use: Scroll            |       |     4 |       ||     4
       Potion            |       |     1 |     4 ||     5
Armor: Robe              |    10 |    17 |       ||    27
       Leather armour    |       |     1 |    24 ||    25
       Skin              |       |       |    23 ||    23
Dodge: Dodged            |    22 |    45 |    49 ||   116

Table legend: (Time is in decaauts)
 A = Elapsed time spent in this place.
 B = Non-inter-level travel time spent in this place.
 C = Inter-level travel time spent in this place.
 D = Time resting spent in this place.
 E = Time spent auto-exploring this place.
 F = Levels seen in this place.
 G = Mean time per level.
                   A        B        C        D        E       F      G
               +--------+--------+--------+--------+--------+-----+--------+
         Total |   9412 |   9007 |    405 |   1774 |   6095 |   8 | 1176.5 |
       Dungeon |   9213 |   8865 |    348 |   1774 |   5968 |   7 | 1316.1 |
        Temple |    198 |    142 |     56 |      0 |    127 |   1 |  198.0 |
               +--------+--------+--------+--------+--------+-----+--------+

Top non-repeatable levels by time:
     D:3: 2166 daAuts
     D:1: 1942 daAuts
     D:6: 1600 daAuts
     D:4: 1322 daAuts
     D:5: 1070 daAuts
     D:2: 1050 daAuts
  Temple: 198 daAuts
     D:7: 61 daAuts
